AoeStats
← 你好我是小帥

Glade

510710498Analyzed
1v1 RM · 1d ago on Oct 2, 2026· 71m 32s· 2 players
Game mode
Random Map
Map size
Tiny (2 player)
Population
200
Speed
Normal
Resources
Standard
Victory
Conquest
Starting age
Dark Age
Ending age
Imperial Age
RankedLock teamsTeams togetherTeam positionsShared explorationLock speedFull tech treeHidden civsTurbo modeCheats
Victory
Defeat
🇹🇼 Mongols · Taiwan
812
+15
🇨🇳 Huns · China
796
-15
陈博士
10:16 Feudal Age
11:04 Double-Bit Axe
11:04 Horse Collar
12:24 Wheelbarrow
15:32 Gold Mining
15:33 Stone Mining
16:23 Fletching
16:34 Padded Archer Armor
21:38 Castle Age
20:16 Forging
21:21 Bloodlines
22:05 Scale Barding Armor
22:35 Heavy Plow
23:40 Iron Casting
23:54 Bow Saw
25:03 Gold Shaft Mining
25:10 Elite Skirmisher
26:15 Bodkin Arrow
27:08 Hand Cart
33:53 Chain Barding Armor
34:25 Pikeman
35:05 Squires
35:21 Scale Mail Armor
36:45 Chain Mail Armor
37:31 Arson
45:35 Imperial Age
44:09 Husbandry
44:54 Masonry
47:43 Two-Man Saw
46:13 Cavalier
48:00 Paladin
49:12 Capped Ram
50:25 Halberdier
50:33 Halberdier
52:18 Blast Furnace
51:54 Plate Barding Armor
52:00 Plate Barding Armor
53:18 Guilds
57:58 Siege Ram
61:43 Leather Archer Armor
61:29 Bracer
63:18 Murder Holes
你好我是小帥
10:00 Feudal Age
14:03 Horse Collar
14:10 Double-Bit Axe
18:48 Castle Age
20:35 Bow Saw
21:43 Heavy Plow
22:16 Pikeman
27:26 Stone Mining
29:06 Scale Barding Armor
29:15 Forging
29:40 Husbandry
29:51 Bloodlines
33:18 Gold Mining
34:08 Fletching
34:18 Padded Archer Armor
35:22 Chain Barding Armor
38:04 Iron Casting
37:24 Bodkin Arrow
37:44 Leather Archer Armor
37:53 Thumb Ring
40:08 Ballistics
41:14 Wheelbarrow
40:58 Nomads
41:38 Masonry
42:32 Hand Cart
42:04 Loom
42:49 Fortified Wall
46:30 Imperial Age
46:34 Elite Mangudai
46:39 Heavy Camel Rider
47:31 Bracer
50:15 Parthian Tactics
55:49 Gold Shaft Mining
56:47 Conscription
56:49 Drill
58:08 Light Cavalry
60:56 Squires
61:28 Scale Mail Armor
62:28 Blast Furnace
Connection lost

Rejoining the realm…

Still unreachable

The connection could not be restored.

Session expired

The server has moved on; the page needs a fresh start.